 Dungeon Crawl Stone Soup version 0.23.2-40-g277498a (webtiles) character file.

Game seed: 7135242851126900983

65 Aphrodieselac the Charmwright (level 4, -2/33 HPs)
             Began as a Merfolk Skald on Aug 13, 2019.
             Slain by an adder (3 damage)
             ... on level 2 of the Dungeon.
             The game lasted 00:04:23 (1385 turns).

Aphrodieselac the Charmwright (Merfolk Skald)       Turns: 1385, Time: 00:04:24

Health: -2/33      AC:  3    Str: 11    XL:     4   Next: 13%
Magic:  4/7        EV: 12    Int: 13    God:
Gold:   52         SH:  0    Dex: 13    Spells: 6/7 levels left

rFire    . . .     SeeInvis .   a - +0 spear
rCold    . . .     Gourm    .   (no shield)
rNeg     . . .     Faith    .   b - +0 leather armour
rPois    .         Spirit   .   (no helmet)
rElec    .         Reflect  .   (no cloak)
rCorr    .         Harm     .   (no gloves)
MR       .....                  (no boots)
Stlth    +.........             (no amulet)
HPRegen  0.11/turn              (no ring)
MPRegen  0.10/turn              (no ring)

@: lethally poisoned (-2 -> -12), infused
A: change form in water, swift swim, stealthy swim
a: no special abilities


You were on level 2 of the Dungeon.
You were not hungry.

You visited 1 branch of the dungeon, and saw 2 of its levels.

You collected 52 gold pieces.

Inventory:

Hand Weapons
 a - a +0 spear (weapon)
Armour
 b - a +0 leather armour (worn)
Scrolls
 e - a scroll of teleportation {unknown}
 f - a scroll of immolation {unknown}
 g - a scroll of fog {unknown}
 i - a scroll of amnesia {unknown}
Potions
 c - a potion of haste {unknown}
 h - a potion of heal wounds {unknown}
 k - a potion of resistance {unknown}
Comestibles
 d - 5 rations


   Skills:
 - Level 2.1 Fighting
 + Level 4.2 Polearms
 - Level 0.6 Armour
 - Level 2.6 Dodging
 - Level 2.0 Spellcasting
 * Level 4.8 Charms


You had 6 spell levels left.
You knew the following spells:

 Your Spells              Type           Power        Failure   Level  Hunger
a - Infusion              Chrm           ##..         4%          1    ##.....

Your spell library contained the following spells:

 Spells                   Type           Power        Failure   Level  Hunger
 Song of Slaying          Chrm           ##......     7%          2    ###....
 Shroud of Golubria       Chrm/Tloc      #.........   19%         2    ###....
 Regeneration             Chrm/Necr      #.........   36%         3    ####...
 Spectral Weapon          Hex/Chrm       #.......     36%         3    ####...


Dungeon Overview and Level Annotations

Branches:
Dungeon (2/15)

Altars:
Xom


Message History

Confirm with . or Enter, or press ? or * to list all spells.
You extend your infusion's duration.
You feel sick. The adder bites you.
* * * LOW HITPOINT WARNING * * *
You hit the adder.
The adder is severely wounded.
* * * LOW HITPOINT WARNING * * *
You feel sick. The adder barely misses you.
You closely miss the adder.
The adder is severely wounded.
* * * LOW HITPOINT WARNING * * *
You feel sick. The adder barely misses you.
You closely miss the adder.
The adder is severely wounded.
* * * LOW HITPOINT WARNING * * *
You feel sick. The adder barely misses you.
You closely miss the adder.
The adder is severely wounded.
* * * LOW HITPOINT WARNING * * *
You feel sick. The adder bites you.
You die...

#............## #
#..........## #### .###
######.##.###### .
.##.... ...............#
##.......
...............#
.........
..###.........#
......... #.####.####
...##..#. ##.# .#
......... #.@# .#
...............S........
...##......#............
.....##>.............###
.##### ...............
## ..........#.##### #
............ ##
...........# .## ...
....#


You could see an adder.

Vanquished Creatures
  3 adders
  An ooze (D:1)
  A dart slug (D:1)
  A giant cockroach (D:1)
  6 hobgoblins
  7 jackals (D:1)
  2 kobolds
  A ball python (D:2)
  2 bats
  A goblin (D:2)
  7 rats
32 creatures vanquished.

Notes
Turn   | Place    | Note
-------+----------+-------------------------------------------
     0 | D:1      | Aphrodieselac the Merfolk Skald began the quest for the
                  | Orb.
     0 | D:1      | Reached XP level 1. HP: 16/16 MP: 3/3
   105 | D:1      | Reached XP level 2. HP: 14/22 MP: 0/5
   752 | D:1      | Reached XP level 3. HP: 17/27 MP: 6/6
  1302 | D:2      | Found a shimmering altar of Xom.
  1306 | D:2      | Reached XP level 4. HP: 25/33 MP: 3/7
  1385 | D:2      | HP: 1/33 [poisoned by an adder]
  1385 | D:2      | Slain by an adder

Skill      XL: |  1  2  3 |
---------------+----------+-----
Charms         | 4 |  4.8
Polearms       | 4 |  4.2
Fighting       | |  2.1
Armour         | |  0.6
Dodging        | |  2.6
Spellcasting   | |  2.0

Action                   |  1- 3 |  4- 6 || total
-------------------------+-------+-------++-------
Melee: Spear             |   137 |    20 ||   157
 Cast: Infusion          |     8 |     2 ||    10
  Eat: Chunk             |     2 |       ||     2
Armor: Leather armour    |    23 |     3 ||    26
Dodge: Dodged            |    79 |    12 ||    91
